 Dungeon Sprint DCSS version 0.19-a0-1513-gf6d23ed (webtiles) character file.

60 poirepourri the Covert (level 3, -10/24 HPs)
             Began as a Spriggan Enchanter on Sept 12, 2016.
             Killed from afar by an oklob sapling priest (13 damage)
             ... with a splash of acid
             ... in the Dungeon (Sprint IV: "Fedhas' Mad Dash").
             The game lasted 00:00:40 (292 turns).

poirepourri the Covert (Spriggan Enchanter)          Turns: 292, Time: 00:00:40

Health: -10/24     AC: -1    Str:  9    XL:     3   Next: 82%
Magic:  9/9        EV: 19    Int: 16    God:
Gold:   46         SH:  0    Dex: 17    Spells: 4 memorised, 1 level left

rFire  . . .     SeeInvis +     a - +1 dagger
rCold  . . .     Gourm    .     b - +1 robe
rNeg   . . .     Faith    .     (shield restricted)
rPois  .         Spirit   .     (helmet restricted)
rElec  .         Dismiss  .     (no cloak)
rCorr  .         Reflect  .     (gloves unavailable)
MR     .....     Harm     .     (boots unavailable)
Stlth  .......... NoTele   +    (no amulet)
                                (no ring)
                                (no ring)

@: berserking, corroded, very quick
A: unfitting armour, see invisible, herbivore 3, speed 3, slow metabolism 2
a: no special abilities


You were in the Dungeon.
You were not hungry.

You visited 1 branch You collected 46 gold pieces.

Inventory:

Hand Weapons
 a - a +1 dagger (weapon)
Armour
 b - a +1 robe (worn)
Jewellery
 j - the amulet of invisibility {+Inv}
   (You found it in the Dungeon)

   [amulet of nothing]

   It lets you turn invisible.
Potions
 e - a potion of curing
 g - a potion of haste
 h - 2 potions of magic
Books
 c - a book of Maledictions

   Spells                             Type                      Level
   a - Corona                         Hexes                        1
   b - Ensorcelled Hibernation        Hexes/Ice                    2
   c - Confuse                        Hexes                        3
   d - Tukima's Dance                 Hexes                        3
   e - Dazzling Spray                 Conjuration/Hexes            3
Comestibles
 d - a bread ration


   Skills:
 + Level 1.1 Short Blades
 + Level 4.1 Dodging
 + Level 8.5 Stealth
 + Level 4.4 Spellcasting
 + Level 6.6 Hexes


You had one spell level left.
You knew the following spells:

 Your Spells              Type           Power        Failure   Level  Hunger
a - Corona                Hex            ###....      1%          1    None
b - Ensorcelled Hibernat  Hex/Ice        ##....       10%         2    ##.....
c - Confuse               Hex            ###.....     3%          3    ###....
d - Tukima's Dance        Hex            ###.....     3%          3    ###....


Dungeon Overview and Level Annotations

Branches:
Dungeon (1/1)

Altars:
Cheibriados
Dithmenos
Elyvilon
Gozag
Hepliaklqana
Kikubaaqudgha
Makhleb
Nemelex Xobeh
Okawaru
Qazlal
Ru
Sif Muna
Trog
Uskayaw
Vehumet
Xom
Yredelemnul
Zin
The Shining One
Beogh
Jiyva
Lugonu

Annotations:
D exclusion: oklob sapling


Innate Abilities, Weirdness & Mutations

You are tiny and cannot use many weapons and most armour.
You have supernaturally acute eyesight. (SInv)
You are a herbivore.
You cover ground extremely quickly.
You need consume almost no food.


Message History

You puncture the oklob sapling priest!
The oklob sapling priest is severely damaged.
The oklob sapling priest looks braver for a moment.
You hit the oklob sapling priest.
The oklob sapling priest is almost destroyed.
You hit the oklob sapling priest but do no damage.
The oklob sapling priest is almost destroyed.
You hit the oklob sapling priest.
The oklob sapling priest is almost destroyed.
The oklob sapling priest spits acid at you.
The splash of acid hits you! The acid corrodes you!
The acid burns!
* * * LOW HITPOINT WARNING * * *
You hit the oklob sapling priest but do no damage.
The oklob sapling priest is almost destroyed.
You hit the oklob sapling priest.
The oklob sapling priest is almost destroyed.
The oklob sapling priest spits acid at you.
The splash of acid hits you!
Ouch! That really hurt!
You die...

########################
....#.....#.⌠._._._._.⌠.
(...'.#[(.'.._._._._._..
....#.#...#..._._P_._...
########+##.._._@_._._..
#.⌠._._._._.⌠.
##############


You could see an oklob sapling priest.

Vanquished Creatures
  An oklob sapling (D)
  A worker ant (D)
  A river rat (D)
  A rat (D)
4 creatures vanquished.

Notes
Turn   | Place    | Note
-------+----------+-------------------------------------------
     0 | D        | poirepourri the Spriggan Enchanter began the quest for the Orb.
     0 | D        | Reached XP level 1. HP: 9/9 MP: 5/5
     5 | D        | Reached skill level 5 in Stealth
     5 | D        | Reached XP level 2. HP: 13/13 MP: 5/7
   137 | D        | Learned a level 2 spell: Ensorcelled Hibernation
   137 | D        | Noticed an oklob sapling
   139 | D        | Killed an oklob sapling
   139 | D        | Reached skill level 7 in Stealth
   139 | D        | Reached skill level 5 in Hexes
   139 | D        | Reached XP level 3. HP: 16/16 MP: 7/9
   148 | D        | Reached skill level 8 in Stealth
   271 | D        | Learned a level 3 spell: Confuse
   275 | D        | Learned a level 3 spell: Tukima's Dance
   276 | D        | Found an opulent altar of Gozag.
   276 | D        | Found a hazy altar of Hepliaklqana.
   276 | D        | Found a burning altar of Makhleb.
   276 | D        | Found a roughly hewn altar of Beogh.
   276 | D        | Found a sparkling altar of Nemelex Xobeh.
   276 | D        | Found a snail-covered altar of Cheibriados.
   276 | D        | Found a sacrificial altar of Ru.
   276 | D        | Found a deep blue altar of Sif Muna.
   276 | D        | Found a shimmering altar of Xom.
   276 | D        | Found a basalt altar of Yredelemnul.
   277 | D        | Found a viscous altar of Jiyva.
   277 | D        | Found a bloodstained altar of Trog.
   277 | D        | Noticed an oklob sapling priest
   278 | D        | Found an iron altar of Okawaru.
   278 | D        | Found a shadowy altar of Dithmenos.
   278 | D        | Found a glowing silver altar of Zin.
   279 | D        | Found a hide-covered altar of Uskayaw.
   279 | D        | Found an ancient bone altar of Kikubaaqudgha.
   280 | D        | Found a stormy altar of Qazlal.
   280 | D        | Found a glowing golden altar of the Shining One.
   280 | D        | Found a white marble altar of Elyvilon.
   281 | D        | Found a radiant altar of Vehumet.
   281 | D        | Found a corrupted altar of Lugonu.
   292 | D        | Killed from afar by an oklob sapling priest

Vault maps used:
D:        dungeon_sprint_fedhas

Skill      XL: |  1  2  3 |
---------------+----------+-----
Stealth        | 5 7 8 |  8.5
Spellcasting   | 3 4 |  4.4
Hexes          | 4 5 6 |  6.6
Dodging        | 4 |  4.1
Short Blades   | |  1.1

Action                   || total
-------------------------++-------
Melee: Dagger            ||    11
  Use: Scroll            ||     1
       Potion            ||     2
 Stab: Sleeping          ||     4
